 Dungeon Crawl Stone Soup version 0.19.3-1-g3169bf9 (webtiles) character file.

476 ChocoTaco the Cutter (level 6, -2/47 HPs)
             Began as a Demonspawn Monk on Jan 26, 2017.
             Was a Believer of Dithmenos.
             Killed from afar by an orc wizard (10 damage)
             ... with a magic dart
             ... on level 3 of the Dungeon.
             The game lasted 00:03:56 (3061 turns).

ChocoTaco the Cutter (Demonspawn Monk)              Turns: 3061, Time: 00:03:56

Health: -2/47      AC:  3    Str: 13    XL:     6   Next: 85%
Magic:  6/6        EV: 13    Int: 11    God:    Dithmenos [**....]
Gold:   105        SH:  0    Dex: 16    Spells: 0 memorised, 5 levels left

rFire  . . .     SeeInvis .     g - +2 short sword (vamp)
rCold  . . .     Gourm    .     l - +0 leather armour
rNeg   . . .     Faith    .     (no shield)
rPois  .         Spirit   .     (helmet restricted)
rElec  .         Reflect  .     (no cloak)
rCorr  .         Harm     .     (no gloves)
MR     .....                    (no boots)
Stlth  ++++......               (no amulet)
                                (no ring)
                                (no ring)

@: wreathed by umbra
A: antennae 1, nightstalker 1
a: Shadow Step, Renounce Religion


You were on level 3 of the Dungeon.
You worshipped Dithmenos.
Dithmenos was pleased with you.
You were not hungry.

You visited 1 branch of the dungeon, and saw 4 of its levels.

You collected 105 gold pieces.

Inventory:

Hand Weapons
 g - a +2 vampiric short sword (weapon)
Armour
 l - a +0 leather armour (worn)
Jewellery
 a - a cursed amulet of inaccuracy {unknown}
 o - a +5 amulet of reflection {unknown}
Scrolls
 c - a scroll of recharging {unknown}
 d - a scroll of fear {unknown}
 e - 2 scrolls of blinking {unknown}
 i - a scroll of random uselessness {unknown}
 j - 5 scrolls of teleportation {unknown}
 k - a scroll of amnesia {unknown}
 m - a scroll of noise {unknown}
Comestibles
 b - 4 bread rations
 f - a meat ration
 h - a beef jerky


   Skills:
 - Level 3.0 Fighting
 + Level 5.8 Short Blades
 - Level 2.6 Dodging
 - Level 1.7 Stealth
 - Level 3.9 Unarmed Combat


You had 5 spell levels left.
You didn't know any spells.

Dungeon Overview and Level Annotations

Branches:
Dungeon (4/15)
 Temple: D:4-7

Altars:
Dithmenos
Fedhas
Okawaru

Annotations:
D:3 Robin


Innate Abilities, Weirdness & Mutations

You have a pair of small antennae on your head.
You are slightly more attuned to the shadows.


Message History

You hit something.
You feel better. Something hits you.
You closely miss something. Robin throws the goblin at you! Something hits you.
The goblin misses you. The goblin hits you but does no damage.
You hit something.
The goblin no longer looks unusually strong.
Something hits you. The goblin closely misses you.
The goblin barely misses you.
You closely miss the goblin. Something hits you.
Something hits you but does no damage. The goblin barely misses you.
You completely miss the goblin.
The goblin hits you with an uncursed club.
You hear some strange, mumbled words.
A puff of flame appears from out of thin air!
The puff of flame hits you!
* * * LOW HITPOINT WARNING * * *
The hobgoblin no longer looks unusually strong.
The goblin closely misses you.
A magic dart appears from out of thin air!
The magic dart hits you!
You die...

.............gg.#...>..##
................#........
................#........
..............###..)...#.
......go....g............
#..%.gog{...#.##.........
######{######.####......#
#########<### #.# #........
##.....#.gg@.## #.##..#....##
#.............###...........#
.....................#.......
...............#.... #.....#.
........<......# . #....<#.
...............# #.....#.
.......<.......# #######.
#.......W.....## #
##.....#.....##


You could see an orc, 2 hobgoblins and 2 goblins.

Vanquished Creatures
  Sigmund (D:2)
  The ghost of uglyjohn the Poker, an amateur DsMo (D:3)
  A bullfrog skeleton (D:4)
  Ijyb (D:2)
  A worker ant (D:4)
  4 gnolls (D:2)
  3 adders
  3 oozes
  2 dart slugs (D:1)
  2 leopard geckos
  3 orcs
  8 bats
  4 giant cockroaches
  11 goblins
  3 hobgoblins
  6 jackals
  9 kobolds
  3 quokkas
  4 frilled lizards
  11 rats
81 creatures vanquished.

Notes
Turn   | Place    | Note
-------+----------+-------------------------------------------
     0 | D:1      | ChocoTaco the Demonspawn Monk began the quest for the Orb.
     0 | D:1      | Reached XP level 1. HP: 18/18 MP: 1/1
    67 | D:1      | Gained mutation: You have a pair of small antennae on your head. [demonic ancestry]
    67 | D:1      | Reached XP level 2. HP: 14/24 MP: 2/2
   600 | D:1      | Gained mutation: You are slightly more attuned to the shadows. [demonic ancestry]
   600 | D:1      | Reached XP level 3. HP: 29/29 MP: 3/3
   999 | D:2      | Found a blossoming altar of Fedhas.
  1004 | D:2      | Reached skill level 1 in Short Blades
  1071 | D:2      | Noticed Sigmund
  1088 | D:2      | Killed Sigmund
  1088 | D:2      | Reached skill level 4 in Short Blades
  1088 | D:2      | Reached XP level 4. HP: 35/35 MP: 4/4
  1088 | D:2      | Reached XP level 5. HP: 41/41 MP: 5/5
  1306 | D:2      | Noticed Ijyb
  1322 | D:2      | Killed Ijyb
  1448 | D:2      | Reached XP level 6. HP: 33/47 MP: 6/6
  1675 | D:2      | Found a shadowy altar of Dithmenos.
  2008 | D:2      | Became a worshipper of Dithmenos the Shadowed
  2008 | D:2      | Reached * piety under Dithmenos
  2008 | D:2      | Reached ** piety under Dithmenos
  2024 | D:3      | Noticed uglyjohn's ghost (amateur DsMo)
  2411 | D:3      | Found an iron altar of Okawaru.
  2461 | D:4      | Reached skill level 5 in Short Blades
  2961 | D:3      | Killed uglyjohn's ghost
  3027 | D:3      | Noticed Robin
  3061 | D:3      | Killed from afar by an orc wizard

Skill      XL: |  1  2  3  4  5  6 |
---------------+-------------------+-----
Unarmed Combat | 3 |  3.9
Short Blades   | 4 5 |  5.8
Fighting       | |  3.0
Dodging        | |  2.6
Stealth        | |  1.7

Action                   |  1- 3 |  4- 6 || total
-------------------------+-------+-------++-------
Melee: Unarmed           |    83 |       ||    83
       Short sword       |    49 |   206 ||   255
       Punch             |     1 |     3 ||     4
  Use: Potion            |       |     1 ||     1
 Stab: Sleeping          |       |     4 ||     4
  Eat: Chunk             |     1 |     6 ||     7
       Bread ration      |     1 |       ||     1
Armor: Chain mail        |    88 |     6 ||    94
       Leather armour    |       |    35 ||    35
Dodge: Dodged            |    30 |   152 ||   182
